 Dungeon Crawl Stone Soup version 0.22-a0-253-gf9d0ce5 (webtiles) character file.

4114 kuniqs the Covered (level 10, -1/91 HPs)
             Began as a Deep Dwarf Fighter on Mar 3, 2018.
             Was a Believer of Makhleb.
             Slain by a sun demon (12 damage)
             ... summoned by an orc sorcerer
             ... while paralysed by an orc sorcerer
             ... on level 7 of the Dungeon.
             The game lasted 00:12:46 (6973 turns).

kuniqs the Covered (Deep Dwarf Fighter)             Turns: 6973, Time: 00:12:47

Health: -1/91      AC: 11    Str: 27    XL:     10   Next: 6%
Magic:  7/7        EV:  2    Int:  8    God:    Makhleb [**....]
Gold:   344        SH:  0    Dex: 12    Spells: 9/9 levels left

rFire    . . .     SeeInvis .   a - +1 war axe
rCold    . . .     Gourm    .   c - +1 shield
rNeg     . . .     Faith    .   b - +0 scale mail
rPois    .         Spirit   .   C - +0 helmet (curse)
rElec    .         Reflect  .   x - +0 cloak
rCorr    .         Harm     .   (no gloves)
MR       +....                  (no boots)
Stlth    ..........             (no amulet)
HPRegen  0.00/turn              E - +3 ring of strength
MPRegen  0.10/turn              k - +1 ring of protection

@: paralysed, non-regenerating, drained
A: damage resistance, heal wounds, sense surroundings 2, no regeneration
a: Heal Wounds, Minor Destruction, Renounce Religion


You were on level 7 of the Dungeon.
You worshipped Makhleb.
Makhleb was pleased with you.
You were very hungry.

You visited 2 branches of the dungeon, and saw 8 of its levels.
You also visited: Sewer.

You collected 344 gold pieces.

Inventory:

Hand Weapons
 a - a +1 war axe (weapon)
 o - a +0 blowgun
 H - a +0 scimitar of flaming
Missiles
 n - 47 poisoned needles
 F - 2 curare-tipped needles
Armour
 b - a +0 scale mail (worn)
 c - a +1 shield (worn)
 x - a +0 cloak (worn)
 C - a cursed +0 helmet (worn)
Jewellery
 k - a +1 ring of protection (right hand)
 D - an uncursed ring of poison resistance
 E - a +3 ring of strength (left hand)
Wands
 m - a wand of enslavement (19)
Scrolls
 e - a scroll of teleportation
 h - a scroll of fog
 i - a scroll of fear
 l - 2 scrolls of enchant weapon
 q - 2 scrolls of enchant armour
 r - a scroll of random uselessness {unknown}
 t - 5 scrolls of remove curse {@r2}
 v - a scroll of noise {unknown}
 y - 2 scrolls of blinking {unknown}
 z - a scroll of immolation {unknown}
 G - a scroll of magic mapping {unknown}
Potions
 d - 3 potions of might
 g - a potion of flight
 j - 3 potions of heal wounds
 p - a potion of curing {@q1}
 s - a potion of haste
 u - 2 potions of agility
 w - 2 potions of mutation {unknown}
 A - 2 potions of brilliance {unknown}
 B - 2 potions of lignification {unknown}
Comestibles
 f - 13 rations


   Skills:
 + Level 6.3(5.6) Fighting
 + Level 7.0(6.3) Axes
 + Level 7.5(6.8) Armour
 + Level 6.6(6.0) Dodging
 + Level 7.4(6.7) Shields
 - Level 6.1(5.5) Invocations


You had 9 spell levels left.
You didn't know any spells.

Dungeon Overview and Level Annotations

Branches:
Dungeon (7/15)             Temple (1/1) D:6

Altars:
Ashenzari
Cheibriados
Dithmenos
Elyvilon
Fedhas
Hepliaklqana
Kikubaaqudgha
Makhleb
Nemelex Xobeh
Okawaru
Qazlal
Ru
Sif Muna
Trog
Uskayaw
Vehumet
Wu Jian
Xom
Yredelemnul
The Shining One


Innate Abilities, Weirdness & Mutations

You are resistant to damage.
You can heal yourself by infusing magical energy.
You passively map the area around you.
You do not regenerate.


Message History

You easily resist.
The orc sorcerer points at you and mumbles some strange words.
The bolt of fire misses you.
You closely miss the orc sorcerer.
The orc sorcerer casts a spell.
You hit the orc sorcerer but do no damage.
You hit the sun demon but do no damage.
The orc sorcerer's eyes start to glow.
The orc sorcerer casts a spell at you.
You suddenly lose the ability to move!
The sun demon hits you but does no damage.
The orc sorcerer hits you but does no damage.
The sun demon hits you!
You are engulfed in flames!
The orc sorcerer hits you but does no damage.
The sun demon hits you!
You are engulfed in flames!
The orc sorcerer gestures at you while chanting.
The bolt of negative energy hits you!
You feel drained.
* * * LOW HITPOINT WARNING * * *
The sun demon hits you!
You die...

#.[...#...........
#.....#..>........
#.....##..........
#.....##..........
#>....##..........
########...##.....
#...##...).
#########...##.....
#.@3.......(# .....
#o########### ....
#.# ** ### #.# #
#.############## #
#......o........ ,,
#..#####.###### *
#..##.....# ,
#..#..#...##


You could see a sun demon and an orc sorcerer.

Vanquished Creatures
  A wizard (D:7)
  A deep elf mage (D:7)
  An efreet (D:7)
  2 slime creatures (D:7)
  A spriggan (D:7)
  The ghost of CLM the Skirmisher, an amateur HOFi (D:3)
  A black bear (D:6)
  A sky beast (D:4)
  2 ice beasts
  4 ogres
  4 big kobolds (D:7)
  A bullfrog (D:6)
  An iguana (D:6)
  2 scorpions (D:4)
  A howler monkey (D:5)
  3 crimson imps
  2 hounds
  4 jellies (D:7)
  Crazy Yiuf (D:5)
  A gnoll shaman (D:5)
  2 orc priests
  A centaur skeleton (D:6)
  An orc wizard (D:4)
  4 worker ants
  3 hound skeletons
  A worker ant zombie (D:4)
  4 gnolls
  13 adders
  2 oozes (D:7)
  An adder skeleton (D:4)
  5 worms
  2 dart slugs
  7 leopard geckos
  16 orcs
  11 bats
  4 giant cockroaches
  9 hobgoblins
  10 jackals
  22 kobolds
  5 quokkas
  3 ball pythons
  6 frilled lizards
  5 goblins
  A quokka skeleton (D:5)
  12 rats
  4 plants (Sewer)
189 creatures vanquished.

Vanquished Creatures (collateral kills)
  The ghost of HEYYEYAAE the Caller, a novice DgSu (D:7)
  An ogre (D:6)
2 creatures vanquished.

Vanquished Creatures (others)
  A jelly (D:7)
  4 fungi (D:7)
  9 toadstools (D:7)
14 creatures vanquished.

Grand Total: 205 creatures vanquished

Notes
Turn   | Place    | Note
-------+----------+-------------------------------------------
     0 | D:1      | kuniqs the Deep Dwarf Fighter began the quest for the Orb.
     0 | D:1      | Reached XP level 1. HP: 20/20 MP: 1/1
    54 | D:1      | Reached XP level 2. HP: 24/27 MP: 1/1
   191 | D:1      | Reached skill level 1 in Dodging
   211 | D:1      | Reached XP level 3. HP: 26/33 MP: 2/2
   565 | D:2      | Found a glowing golden altar of the Shining One.
  1491 | D:3      | Reached XP level 4. HP: 28/42 MP: 3/3
  1799 | D:3      | Found a bloodstained altar of Trog.
  1966 | D:3      | Noticed CLM's ghost (amateur HOFi)
  2204 | D:4      | Reached XP level 5. HP: 34/49 MP: 3/3
  2466 | D:4      | You fall through a shaft for 2 floors!
  2469 | D:6      | Noticed an ogre
  2495 | D:6      | Killed an ogre
  2495 | D:6      | Reached XP level 6. HP: 34/57 MP: 4/4
  2568 | D:6      | Found a glowing drain.
  2572 | Sewer    | Entered a sewer
  3379 | D:6      | Found a staircase to the Ecumenical Temple.
  3401 | Temple   | Entered the Ecumenical Temple
  3479 | Temple   | Became a worshipper of Makhleb the Destroyer
  3555 | D:6      | Reached XP level 7. HP: 52/64 MP: 5/5
  3642 | D:6      | Reached skill level 1 in Invocations
  3658 | D:5      | Entered Level 5 of the Dungeon
  3795 | D:4      | Reached skill level 5 in Armour
  3795 | D:4      | Reached skill level 5 in Shields
  4325 | D:5      | Reached XP level 8. HP: 51/73 MP: 7/7
  4333 | D:5      | Reached * piety under Makhleb
  4484 | D:5      | Reached skill level 5 in Axes
  4787 | D:5      | Found a runed door.
  5095 | D:5      | Noticed Crazy Yiuf
  5115 | D:5      | Killed Crazy Yiuf
  5411 | D:6      | Reached skill level 5 in Fighting
  5692 | D:7      | Noticed HEYYEYAAE's ghost (novice DgSu)
  5878 | D:3      | Killed CLM's ghost
  5878 | D:3      | Reached skill level 5 in Dodging
  6185 | D:7      | Killed HEYYEYAAE's ghost
  6185 | D:7      | Gained mutation: You passively map the area around you. [Deep Dwarf growth]
  6185 | D:7      | Reached XP level 9. HP: 57/81 MP: 8/8
  6221 | D:7      | Reached skill level 5 in Invocations
  6715 | D:7      | Reached ** piety under Makhleb
  6897 | D:7      | Noticed an efreet
  6909 | D:7      | Noticed a wizard
  6909 | D:7      | Killed an efreet
  6913 | D:7      | Noticed a deep elf mage
  6934 | D:7      | Killed a wizard
  6943 | D:7      | Noticed an orc sorcerer
  6944 | D:7      | Killed a deep elf mage
  6944 | D:7      | Reached XP level 10. HP: 66/91 MP: 7/7
  6970 | D:7      | Noticed a sun demon
  6970 | D:7      | Paralysed by an orc sorcerer for 6 turns
  6973 | D:7      | Slain by a sun demon

Vault maps used:
D:1:      saegor_arrival_simple_b, serial_forest,
          infiniplex_forest_lined_room_2, infiniplex_forest_clump_medium,
          infiniplex_forest_clump_tiny, infiniplex_forest_lined_room_,
          infiniplex_forest_lined_4_way
D:2:      lemuel_round_altar, minmay_large_rounded_square
D:3:      nicolae_overflow_crystal_walls
D:4:      first_ration, amethyst_killhole, fountainhead
D:5:      uniq_crazy_yiuf_cottage
D:6:      temple_pool_b, gup_sewer_entry_bowl
D:7:      cheibrodos_fertilizer, the_bakery, minmay_the_grid_2x2
Temple:   regret_index_temple_chain_breaker
Sewer:    sewer_co_scattered_pipes

Skill      XL: |  1  2  3  4  5  6  7  8  9 |
---------------+----------------------------+-----
Dodging        | 1 2 3 4 5 6 |  6.6
Fighting       | 3 4 5 6 |  6.3
Axes           | 3 4 6 7 |  7.0
Armour         | 4 5 6 7 |  7.5
Shields        | 4 5 6 7 |  7.4
Invocations    | 2 4 6 |  6.1

Action                   |  1- 3 |  4- 6 |  7- 9 | 10-12 || total
-------------------------+-------+-------+-------+-------++-------
Melee: War axe           |   142 |   330 |   422 |     2 ||   896
 Fire: Blowgun           |       |     6 |    12 |       ||    18
Throw: Tomahawk          |     6 |       |       |       ||     6
 Abil: Heal Wounds       |     1 |     4 |    16 |       ||    21
Evoke: Wand              |       |     3 |     9 |       ||    12
  Use: Scroll            |     5 |     6 |     3 |       ||    14
 Stab: Distracted        |       |       |     1 |       ||     1
  Eat: Chunk             |     2 |     8 |    11 |       ||    21
Armor: Scale mail        |    78 |    89 |   133 |     3 ||   303
Dodge: Dodged            |    45 |    76 |   170 |     1 ||   292
Block: Shield            |    98 |   143 |   247 |       ||   488

Table legend:
 A = Spawn XP
 B = Non-spawn XP
 C = Spawn XP percentage of total XP
 D = Spawn monster count
 E = Non-spawn monster count
 F = Spawn count percentage of total count
 G = Total turns spent on level
                    A         B        C        D         E        F      G
               +---------+---------+-------+---------+---------+-------+---------
         Total |       0 |    5878 |   0.0 |       0 |     188 |   0.0 |  6973
               +---------+---------+-------+---------+---------+-------+---------
           D:1 |       0 |      54 |   0.0 |       0 |      25 |   0.0 |   513
           D:2 |       0 |      40 |   0.0 |       0 |      23 |   0.0 |   953
           D:3 |       0 |     302 |   0.0 |       0 |      25 |   0.0 |   805
           D:4 |       0 |     780 |   0.0 |       0 |      27 |   0.0 |  1130
           D:5 |       0 |     653 |   0.0 |       0 |      22 |   0.0 |  1034
           D:6 |       0 |     638 |   0.0 |       0 |      16 |   0.0 |   849
           D:7 |       0 |    3341 |   0.0 |       0 |      29 |   0.0 |   850
         Sewer |       0 |      70 |   0.0 |       0 |      21 |   0.0 |   745
               +---------+---------+-------+---------+---------+-------+---------
